 Dungeon Crawl Stone Soup version 0.27.1-33-g824d729ab1 (webtiles) character file.

Game seed: 16901633897509018239

387 zeram the Chopper (level 6, -1/43 (51) HPs)
             Began as a Hill Orc Fighter on Nov 27, 2021.
             Slain by a wight (3 damage)
             ... on level 3 of the Dungeon.
             The game lasted 00:04:13 (2970 turns).

zeram the Chopper (Hill Orc Fighter)                Turns: 2970, Time: 00:04:13

HP:   -1/43 (51)    AC:  7    Str: 20    XL:     6   Next: 78%
MP:   6/6           EV:  7    Int:  9    God:
Gold: 60            SH:  9    Dex: 10    Spells: 5/5 levels left

rFire    . . .     SeeInvis .   a - +0 war axe
rCold    + . .     Faith    .   c - +0 kite shield
rNeg     . . .     Spirit   .   b - +0 scale mail
rPois    .         Reflect  .   (no helmet)
rElec    .         Harm     .   (no cloak)
rCorr    .         Rampage  .   (no gloves)
Will     .....                  (no boots)
Stlth    ..........             (no amulet)
HPRegen  0.14/turn              m - ring of flight
MPRegen  0.10/turn              n - ring of protection from cold

@: flying, heavily drained
A: no striking features
a: no special abilities


You were on level 3 of the Dungeon.
You visited 1 branch of the dungeon, and saw 4 of its levels.

You collected 60 gold pieces.

Inventory:

Hand Weapons
 a - a +0 war axe (weapon)
Armour
 b - a +0 scale mail (worn)
 c - a +0 kite shield (worn)
 d - a +0 buckler
Jewellery
 l - an amulet of faith
 m - a ring of flight (left hand)
 n - a ring of protection from cold (right hand)
Scrolls
 f - 3 scrolls of teleportation
Potions
 e - a potion of curing
 h - a potion of attraction
 i - 4 potions of lignification
 j - a potion of invisibility {unknown}


   Skills:
 - Level 3.6 Fighting
 + Level 7.2 Axes
 - Level 4.3 Armour
 + Level 5.0 Shields


You had 5 spell levels left.
You didn't know any spells.
Your spell library contained the following spells:

 Spells                   Type           Power      Damage    Failure   Level
 Animate Skeleton         Necr           0%         N/A       99%         1
 Pain                     Necr           0%         1d4       99%         1
 Vampiric Draining        Necr           0%         2d6       100%        3


Dungeon Overview and Level Annotations

Branches:
Dungeon (4/15)
 Temple: D:4-7

Altars:
Makhleb

Annotations:
D:4 Edmund


Message History

The wight hits you with a +3 battleaxe!
You feel drained. You block the jackal's attack.
Unknown command.
You barely miss the wight. You hit the jackal but do no damage.
The jackal closely misses you. The wight barely misses you.
The jackal bites you but does no damage.
You block the wight's attack.
You closely miss the wight. You hit the jackal. You block the jackal's attack.
The wight hits you but does no damage. The jackal closely misses you.
Unknown command.
Your shield prevents you from hitting the wight.
You completely miss the jackal.
The jackal bites you but does no damage.
You block the wight's attack. You block the jackal's attack.
Unknown command.
You barely miss the jackal.
The jackal is heavily wounded.
You barely miss the wight. You block the jackal's attack.
The wight closely misses you. The jackal bites you.
You block the wight's attack.
You miss the jackal.
The jackal is heavily wounded.
Your shield prevents you from hitting the wight.
You block the jackal's attack. You block the wight's attack.
The jackal bites you but does no damage.
Unknown command.
You barely miss the jackal.
The jackal is heavily wounded.
You hit the wight but do no damage. You block the jackal's attack.
The wight hits you with a +3 battleaxe!
You feel drained.
* * * LOW HITPOINT WARNING * * *
You block the jackal's attack.
You slash the jackal!
You kill the jackal!
You barely miss the wight. The wight hits you with a +3 battleaxe!
* * * LOW HITPOINT WARNING * * *
You feel drained.
* * * LOW HITPOINT WARNING * * *
The wight hits you with a +3 battleaxe.
You die...

############.#
#.##.####.###
#.####.##.##.....#
#.........##.###.# ###
######.....#.# #.#
######.## #####.#.###.#
#.......# #>#.....#
#.####.## #.###.### #.#
#.##############.# #.# ##
#.# #.........z@zz##.# #.#
#. #.# #############.##.#
#.# #. #.# ########.##.#
#.# #. #.# #...........#
#.# #. #.# #.######.####
#.# #. #.# #.# #.# #.# #.
#.#########.######.######.#
#.
..........................#
#.
...........######..######.#
#.


You could see 3 wights.

Vanquished Creatures
  Sigmund (D:2)
  A hound (D:3)
  Natasha (thrice) (D:2)
  3 adders (D:2)
  4 worms (D:2)
  2 dart slugs
  6 orcs (D:3)
  6 endoplasms
  8 goblins
  6 hobgoblins
  2 jackals (D:3)
  5 kobolds
  4 quokkas
  8 ball pythons
  4 bats
  3 frilled lizards
  6 rats
72 creatures vanquished.

Notes
Turn   | Place    | Note
-------+----------+-------------------------------------------
     0 | D:1      | zeram the Hill Orc Fighter began the quest for the Orb.
     0 | D:1      | Reached XP level 1. HP: 19/19 MP: 1/1
   194 | D:1      | Reached XP level 2. HP: 26/26 MP: 2/2
   195 | D:1      | Reached skill level 3 in Axes
   479 | D:1      | Noticed a golden eye
   481 | D:1      | Found a faded altar of an unknown god.
   483 | D:1      | Noticed a golden eye
   483 | D:1      | Noticed a golden eye
   483 | D:1      | Noticed a golden eye
   883 | D:2      | Noticed Natasha
   887 | D:2      | Reached XP level 3. HP: 31/31 MP: 3/3
   893 | D:2      | Killed Natasha
   894 | D:2      | Reached skill level 4 in Axes
   894 | D:2      | Reached XP level 4. HP: 27/39 MP: 4/4
  1053 | D:2      | Noticed Natasha
  1060 | D:2      | Killed Natasha
  1092 | D:2      | Noticed Natasha
  1104 | D:2      | Killed Natasha
  1324 | D:2      | Reached XP level 5. HP: 44/45 MP: 5/5
  1423 | D:2      | Noticed Sigmund
  1436 | D:2      | Killed Sigmund
  1437 | D:2      | Reached skill level 6 in Axes
  1437 | D:2      | Reached XP level 6. HP: 17/51 MP: 6/6
  2283 | D:3      | Reached skill level 7 in Axes
  2317 | D:3      | Found a burning altar of Makhleb.
  2792 | D:4      | Noticed Edmund
  2799 | D:4      | HP: 2/47 [hound (5)]
  2804 | D:3      | Reached skill level 5 in Shields
  2970 | D:3      | HP: 2/43 [wight (1)]
  2970 | D:3      | Slain by a wight

Illustrated notes

Levels and vault maps discovered:
D:1:      sevenhm_arrival_forest_fort_large_2, layout_loops_ring,
          hellmonk_ecumenical_altar_watching_god
D:2:      layout_rooms, st_stairs_2, uniq_sigmund, uniq_natasha
D:3:      layout_loops_ring, lemuel_tele_altar, nrook_loot_triangle
D:4:      layout_cave_pools, nicolae_vehumet_radiance, gup_sewer_entry_spiral,
          minmay_misc_feat_enclosed, kennysheep_doodads,
          nicolae_shop_firing_range, uniq_edmund

Skill      XL: |  1  2  3  4  5  6 |
---------------+-------------------+-----
Axes           | 3 4 6 7 |  7.2
Armour         | 4 |  4.3
Shields        | 4 5 |  5.0
Fighting       | |  3.6

Action                   |  1- 3 |  4- 6 || total
-------------------------+-------+-------++-------
Melee: War axe           |    60 |   138 ||   198
  Use: Scroll            |       |     8 ||     8
       Potion            |       |     3 ||     3
Armor: Scale mail        |    30 |    56 ||    86
Dodge: Dodged            |    22 |    60 ||    82
Block: Kite shield       |    39 |    81 ||   120
